 Dungeon Crawl Stone Soup version 0.20.0-15-g7f486f2 (webtiles) character file.

97 Jannitor the Skirmisher (level 4, -1/36 HPs)
             Began as a Mummy Fighter on June 9, 2017.
             Was an Initiate of Ru.
             Killed by divine providence
             ... invoked by an orc priest
              (13 damage)
             ... on level 3 of the Dungeon.
             The game lasted 00:02:51 (2281 turns).

Jannitor the Skirmisher (Mummy Fighter)             Turns: 2281, Time: 00:02:52

Health: -1/36      AC:  7    Str: 20    XL:     4   Next: 42%
Magic:  4/4        EV:  7    Int:  7    God:    Ru [......]
Gold:   108        SH:  9    Dex: 11    Spells: 3/3 levels left

rFire    x . .     SeeInvis .   a - +0 flail
rCold    + . .     Gourm    .   c - +0 shield
rNeg     + + +     Faith    .   b - +0 scale mail
rPois    ∞         Spirit   .   (no helmet)
rElec    .         Reflect  .   (no cloak)
rCorr    .         Harm     .   i - +0 pair of gloves
MR       .....                  (no boots)
Stlth    +.........             (no amulet)
Regen    0.2/turn               g - ring of stealth
MPRegen  0.1/turn               (no ring)

@: no status effects
A: no food or potions, fire vulnerability, cold resistance 1, negative energy
resistance 3, torment resistance, unbreathing
a: Renounce Religion


You were on level 3 of the Dungeon.
You worshipped Ru.
Ru was noncommittal.
You were not hungry.

You visited 1 branch of the dungeon, and saw 3 of its levels.

You collected 108 gold pieces.

Inventory:

Hand Weapons
 a - a +0 flail (weapon)
Armour
 b - a +0 scale mail (worn)
 c - a +0 shield (worn)
 i - a +0 pair of gloves (worn)
Jewellery
 g - a ring of stealth (left hand)
Scrolls
 d - 4 scrolls of identify {unknown}
 e - a scroll of fear {unknown}
 f - 4 scrolls of recharging {unknown}
 h - 3 scrolls of immolation {unknown}
 j - a scroll of enchant weapon {unknown}


   Skills:
 + Level 3.6 Fighting
 + Level 2.2 Maces & Flails
 + Level 3.0 Armour
 + Level 3.0 Shields


You had 3 spell levels left.
You didn't know any spells.

Dungeon Overview and Level Annotations

Branches:
Dungeon (3/15)

Altars:
Ashenzari
Ru
Xom


Innate Abilities, Weirdness & Mutations

You do not eat or drink.
Your flesh is vulnerable to fire.
You are immune to poison.
Your flesh is cold resistant. (rC+)
You are immune to negative energy. (rN+++)
You are immune to unholy pain and torment.
You can survive without breathing.


Message History

Your shield and scale mail prevent you from hitting the orc.
You block the orc's attack. The orc hits you. You block the orc's attack.
The orc hits you but does no damage.
You hit the orc.
The orc is moderately wounded.
You block the orc's attack. The orc completely misses you.
You sock the orc!
You kill the orc!
The orc hits you but does no damage.
You hit the orc.
The orc is heavily wounded.
You block the orc's attack.
You sock the orc!
You kill the orc!
The orc priest mumbles some strange prayers to Beogh against you.
Beogh smites you!
You are too injured to fight recklessly!
The orc priest calls down the wrath of Beogh upon you.
Beogh smites you!
You die...

.......['oo..#
.......[######.#
####+###.......#
####. #.#####.#
#.... #o#
#....###o########
#................
##.......#######.
#...@...######
#............#
####......#####.#
#.........#
#.........#
#<........#
#.........########
#.........'.......
#.........########


You could see an orc priest and an orc.

Vanquished Creatures
  4 adders
  An ooze (D:1)
  A worm (D:2)
  3 dart slugs
  A leopard gecko (D:2)
  4 orcs (D:3)
  2 ball pythons
  7 bats
  6 goblins
  3 hobgoblins
  4 jackals
  3 kobolds
  A quokka (D:2)
  2 rats
42 creatures vanquished.

Notes
Turn   | Place    | Note
-------+----------+-------------------------------------------
     0 | D:1      | Jannitor the Mummy Fighter began the quest for the Orb.
     0 | D:1      | Reached XP level 1. HP: 18/18 MP: 1/1
     1 | D:1      | Found a shattered altar of Ashenzari.
   212 | D:1      | Reached XP level 2. HP: 19/24 MP: 2/2
   946 | D:1      | Reached XP level 3. HP: 28/29 MP: 3/3
  1197 | D:2      | Found a sacrificial altar of Ru.
  1233 | D:2      | Became a worshipper of Ru the Awakened
  1828 | D:2      | Reached XP level 4. HP: 35/35 MP: 4/4
  1974 | D:2      | Found a shimmering altar of Xom.
  2281 | D:3      | Killed from afar by an orc priest

Skill      XL: |  1  2  3 |
---------------+----------+-----
Shields        | 3 |  3.0
Armour         | 3 |  3.0
Maces & Flails | 2 |  2.2
Fighting       | |  3.6

Action                   |  1- 3 |  4- 6 || total
-------------------------+-------+-------++-------
Melee: Flail             |   190 |    40 ||   230
Armor: Scale mail        |   115 |    20 ||   135
Dodge: Dodged            |    92 |     7 ||    99
Block: Shield            |   133 |    18 ||   151
